 Dungeon Crawl Stone Soup version 0.20.1-1-g8b1a95d (webtiles) character file.

1400 Internecine the Bolt Thrower (level 8, -22/66 HPs)
             Began as a White Draconian Hunter on Sept 30, 2017.
             Was a Follower of Okawaru (penitent).
             Annihilated by an orc warrior
             ... wielding a +0 glaive
              (27 damage)
             ... on level 6 of the Dungeon.
             The game lasted 01:04:27 (7782 turns).

Internecine the Bolt Thrower (DrHu)                 Turns: 7782, Time: 01:04:27

Health: -22/66     AC:  7    Str: 14    XL:     8   Next: 41%
Magic:  9/9        EV: 13    Int: 12    God:    Okawaru [*]
Gold:   284        SH:  0    Dex: 14    Spells: 7/9 levels left

rFire    . . .     SeeInvis .   z - +4 short sword (holy)
rCold    + . .     Gourm    .   (no shield)
rNeg     . . .     Faith    .   (armour unavailable)
rPois    .         Spirit   .   (helmet restricted)
rElec    .         Reflect  .   (no cloak)
rCorr    .         Harm     .   u - +0 pair of gloves
MR       .....                  (no boots)
Stlth    ++++......             m - amulet of regeneration
Regen    0.7/turn               l - ring of stealth
MPRegen  0.2/turn               q - ring of stealth

@: no status effects
A: breathe frost, unfitting armour, cold resistance 1, cold-blooded, AC +6
a: Breathe Frost, Renounce Religion


You were on level 6 of the Dungeon.
You worshipped Okawaru.
Okawaru was demanding penance.
You were not hungry.

You visited 2 branches of the dungeon, and saw 7 of its levels.

You collected 284 gold pieces.

Inventory:

Hand Weapons
 a - a +2 hand crossbow
 r - a +4 hand axe
 v - a -3 war axe
 y - a +4 dagger
 z - a +4 short sword of holy wrath (weapon)
 F - a +0 hand axe of chopping
Missiles
 b - 21 poisoned needles
 p - 166 stones (quivered)
 s - 35 sling bullets
 C - 2 throwing nets
 E - 8 tomahawks
 J - 52 arrows
 K - 3 tomahawks of dispersal
 P - a bolt
Armour
 u - a +0 pair of gloves (worn)
Jewellery
 e - an uncursed ring of teleportation
 l - a ring of stealth (left hand)
 m - an amulet of regeneration (around neck)
 q - a ring of stealth (right hand)
Wands
 c - a wand of acid (7/15)
 o - a wand of iceblast (8/15)
 G - a wand of random effects (6/48)
Scrolls
 h - a scroll of magic mapping
 A - a scroll of immolation {unknown}
Potions
 g - a potion of magic {unknown}
 i - a potion of mutation {unknown}
 n - a potion of haste {unknown}
 t - a potion of berserk rage {unknown}
 B - a potion of agility {unknown}
 D - 2 potions of brilliance {unknown}
 I - a potion of curing {unknown}
 M - 2 potions of might
 N - a potion of resistance {unknown}
 R - 2 potions of flight {unknown}
Books
 j - a book of Callings

   Spells                             Type                      Level
   a - Summon Small Mammal            Summoning                    1
   b - Call Imp                       Summoning                    2
   c - Call Canine Familiar           Summoning                    3
   d - Summon Guardian Golem          Hexes/Summoning              3
   e - Summon Lightning Spire         Summoning/Air                4
   f - Summon Ice Beast               Ice/Summoning                4
Comestibles
 d - 3 bread rations
 f - 3 chunks of flesh
 w - 5 fruits
 x - 2 meat rations
 O - a royal jelly


   Skills:
 + Level 4.2 Fighting
 * Level 2.8 Short Blades
 - Level 5.0 Axes
 + Level 6.0 Crossbows
 + Level 3.0 Throwing
 + Level 3.2 Dodging
 + Level 2.5 Stealth
 + Level 1.0 Spellcasting
 + Level 0.2 Summonings


You had 7 spell levels left.
You knew the following spells:

 Your Spells              Type           Power        Failure   Level  Hunger
a - Call Imp              Summ           #.......     38%         2    ###....


Dungeon Overview and Level Annotations

Branches:
Dungeon (6/15)             Temple (1/1) D:4

Altars:
Ashenzari
Cheibriados
Dithmenos
Elyvilon
Fedhas
Gozag
Hepliaklqana
Kikubaaqudgha
Makhleb
Nemelex Xobeh
Okawaru
Qazlal
Ru
Sif Muna
Trog
Uskayaw
Vehumet
Xom
Yredelemnul
Zin
The Shining One


Innate Abilities, Weirdness & Mutations

You can breathe waves of freezing cold.
You can buffet flying creatures when you breathe cold.
Your icy white scales are hard. (AC +6)
You cannot fit into any form of body armour.
Your flesh is cold resistant. (rC+)
You are cold-blooded and may be slowed by cold attacks.


Message History

Aiming: Corrosive Bolt
Press: ? - help, Shift-Dir - straight line, f - orc warrior
Aim: an orc warrior, wielding a glaive and wearing a plate armour (lightly wounded)
The bolt of acid misses the orc warrior.
This wand has 7 charges left.
Aiming: Iceblast (will waste charges)
Press: ? - help, Shift-Dir - straight line, p - orc warrior
Okay, then.
You hit the orc warrior.
The orc warrior is moderately wounded.
The orc warrior misses you.
You hit the orc warrior but do no damage.
You tail-slap the orc warrior, but do no damage.
The orc warrior is moderately wounded.
The orc warrior hits you with a glaive.
* * * LOW HITPOINT WARNING * * *
You hit the orc warrior.
The orc warrior is moderately wounded.
The orc warrior hits you with a glaive!!
You die...

####### #.......#
......#####.#####.# #
.####[.........##.### .
.##..#.####.##..)...# #
.##.#.## #.#####.#.###
#
......#####....(....?.#
#.
###......#######.##(#.#
#. #)####.# #(# (#.# #.
#.####.# #@# ( . #.
#...##.##.....o# #. .
#####. #.#.##.##......#
<# ......
#)#.##.##..#.... .
...... #......##. ...(#
.# ...... ###.#####
...... .# #####. ##.#
###.... ##.# ##.
#..########.... ...#
#.# ###........# #..
##.#


You could see an orc warrior.

Vanquished Creatures
  The ghost of Taddel the Ruffian, a novice DrTm (D:5)
  An ogre (D:4)
  A phantom (D:4)
  A scorpion (D:6)
  A crimson imp (D:5)
  A quasit (D:5)
  A gnoll shaman (D:4)
  3 orc priests
  8 orc wizards
  An iguana (D:6)
  3 worker ants
  Robin (D:2)
  14 gnolls
  10 adders
  2 shadow imps
  2 adder skeletons
  A worm (D:3)
  2 dart slugs
  4 leopard geckos
  26 orcs
  7 bats
  9 giant cockroaches
  7 hobgoblins
  9 jackals (D:3)
  2 ball pythons (D:1)
  3 frilled lizards
  14 goblins
  6 kobolds
  7 rats
148 creatures vanquished.

Notes
Turn   | Place    | Note
-------+----------+-------------------------------------------
     0 | D:1      | Internecine the Draconian Hunter began the quest for the Orb.
     0 | D:1      | Reached XP level 1. HP: 17/17 MP: 1/1
   185 | D:1      | Reached skill level 4 in Crossbows
   233 | D:1      | Reached XP level 2. HP: 24/24 MP: 2/2
  1384 | D:1      | Reached skill level 1 in Stealth
  2113 | D:2      | Reached XP level 3. HP: 30/30 MP: 3/3
  2246 | D:2      | Found an opulent altar of Gozag.
  2445 | D:2      | Noticed Robin
  2461 | D:2      | Killed Robin
  2461 | D:2      | Reached XP level 4. HP: 21/37 MP: 4/4
  2751 | D:2      | Reached skill level 1 in Axes
  3298 | D:2      | Reached XP level 5. HP: 29/42 MP: 5/5
  3803 | D:3      | Reached skill level 5 in Crossbows
  3829 | D:3      | Reached XP level 6. HP: 14/51 MP: 6/6
  4950 | D:4      | Reached skill level 1 in Throwing
  5179 | D:4      | Found a staircase to the Ecumenical Temple.
  5191 | Temple   | Entered the Ecumenical Temple
  5346 | Temple   | Became a worshipper of Warmaster Okawaru
  5392 | D:4      | Your scales start taking on an icy white colour.
  5392 | D:4      | Reached XP level 7. HP: 46/58 MP: 7/7
  5392 | D:4      | Gained mutation: Your flesh is cold resistant. (rC+) [White Draconian growth]
  6177 | D:5      | Entered Level 5 of the Dungeon
  6262 | D:5      | Noticed Taddel's ghost (novice DrTm)
  6285 | D:5      | Killed Taddel's ghost
  6285 | D:5      | Reached * piety under Okawaru
  6285 | D:5      | Reached skill level 6 in Crossbows
  6479 | D:5      | Reached XP level 8. HP: 66/66 MP: 8/8
  6558 | D:5      | Reached skill level 5 in Axes
  6942 | D:6      | Reached skill level 1 in Short Blades
  7106 | D:6      | Learned a level 2 spell: Call Imp
  7743 | D:6      | Reached skill level 1 in Spellcasting
  7763 | D:6      | Was placed under penance by Okawaru
  7782 | D:6      | Annihilated by an orc warrior

Skill      XL: |  1  2  3  4  5  6  7  8 |
---------------+-------------------------+-----
Crossbows      | 4 5 6 |  6.0
Stealth        | 1 2 |  2.5
Dodging        | 2 3 |  3.2
Axes           | 1 2 3 4 5 |  5.0
Fighting       | 3 4 |  4.2
Throwing       | 1 2 3 |  3.0
Short Blades   | 2 |  2.8
Spellcasting   | 1 |  1.0
Summonings     | |  0.2

Action                   |  1- 3 |  4- 6 |  7- 9 || total
-------------------------+-------+-------+-------++-------
Melee: Hand axe          |    63 |   111 |    42 ||   216
       Tailslap          |     4 |     7 |    20 ||    31
       Short sword       |       |       |   151 ||   151
 Fire: Hand crossbow     |    30 |   102 |       ||   132
Throw: Stone             |     6 |    56 |    90 ||   152
 Cast: Call Imp          |       |       |     3 ||     3
 Abil: Breathe Frost     |       |       |     2 ||     2
Evoke: Wand              |       |       |     2 ||     2
  Use: Scroll            |       |       |    11 ||    11
       Potion            |       |       |     2 ||     2
 Stab: Sleeping          |     3 |       |     2 ||     5
       Distracted        |     1 |       |       ||     1
  Eat: Chunk             |     4 |     9 |     7 ||    20
       Fruit             |       |     1 |     2 ||     3
Armor: Skin              |    29 |    40 |    50 ||   119
Dodge: Dodged            |    52 |    77 |   107 ||   236
